 Dungeon Crawl Stone Soup version 0.31.0-1-g2c135a008e (webtiles) character file.

Game seed: 15783696703785728684

350 qw the Shooter (level 6, -6/46 HPs)
             Began as a Djinni Hunter on Jan 23, 2024.
             Mangled by Duvessa
             ... wielding a +0 rapier
              (7 damage)
             ... on level 4 of the Dungeon.
             The game lasted 00:00:10 (2706 turns).

qw the Shooter (Djinni Hunter)                      Turns: 2706, Time: 00:00:10

Health: -6/46      AC:  9    Str: 10    XL:     6   Next: 92%
Gold:   165        EV: 11    Int: 10    God:
                   SH:  0    Dex: 19

rFire   + + +        a - +0 shortbow
rCold   x . .        (shield currently unavailable)
rNeg    . . .        l - +0 ring mail
rPois   inf          b - +0 helmet
rElec   .            e - +2 cloak
rCorr   +            (no gloves)
SInv    .            (boots unavailable)
Will    .....        (no amulet)
Stlth   +            h - ring of protection from fire
HPRegen 0.27/turn    k - ring of resist corrosion
MPRegen 0.00/turn

%: infuse magic (-7 HP)
@: flying
A: sickness immunity, fire resistance 2, cold vulnerability 1, float, innate
caster, HP casting, extra vitality 1
a: no special abilities


You were on level 4 of the Dungeon.
You visited 1 branch of the dungeon, and saw 4 of its levels.

You collected 165 gold pieces.


Innate Abilities, Weirdness & Mutations

You are immune to sickness and miasma.
You are immune to poison.
Your flesh is very heat resistant. (rF++)
You are vulnerable to cold. (rC-)
You float through the air rather than walking.
You learn spells naturally, not from books.
Your magical power is your life essence.
You have superior vitality. (+4 MHP)


   Skills:
 - Level 3.0 Fighting
 - Level 5.8 Ranged Weapons
 - Level 1.0 Armour
 + Level 2.8 Dodging
 - Level 0.7 Stealth


You knew the following spells:

 Your Spells              Type           Power      Damage    Failure   Level
a - Foxfire               Conj/Fire      0%         2x1d4     67%         1
b - Ensorcelled Hibernat  Hex/Ice        0%         N/A       82%         2
Your spell library was empty.

Inventory:

Hand Weapons
 a - a +0 shortbow (weapon)
Armour
 b - a +0 helmet (worn)
 e - a +2 cloak (worn)
 l - a +0 ring mail (worn)
Jewellery
 h - a ring of protection from fire (left hand)
 k - a ring of resist corrosion (right hand)
Wands
 c - a wand of iceblast (7)
Potions
 f - a potion of curing
 g - a potion of invisibility {unknown}
 i - a potion of attraction {unknown}
 j - a potion of heal wounds {unknown}

Dungeon Overview and Level Annotations

Branches:
Dungeon (4/15)
 Temple: D:4-7

Altars:
Uskayaw

Annotations:
D:4 Dowan, Duvessa


Message History

You shoot an arrow. The arrow closely misses Duvessa.
Dowan hits you with a +0 dagger of draining.
Duvessa hits you with a +0 rapier.
You shoot an arrow. The arrow barely misses Duvessa.
Dowan hits you but does no damage. Duvessa hits you with a +0 rapier.
You shoot an arrow. The arrow hits Duvessa.
Duvessa is lightly wounded.
Dowan gestures at Duvessa while chanting.
Duvessa seems to speed up.
Duvessa closely misses you.
You shoot an arrow. The arrow barely misses Duvessa.
Duvessa hits you with a +0 rapier. Dowan hits you but does no damage.
Duvessa hits you but does no damage.
You shoot an arrow. The arrow hits Duvessa.
Duvessa is lightly wounded.
Duvessa hits you with a +0 rapier. Dowan hits you but does no damage.
Duvessa says, "When magic and the sword combine, nothing stands against them."
Duvessa hits you with a +0 rapier.
Dowan hits you with a +0 dagger of draining.
You shoot an arrow. The arrow hits Duvessa.
Duvessa is lightly wounded.
Duvessa hits you with a +0 rapier. Duvessa barely misses you.
Dowan hits you but does no damage.
You shoot an arrow. The arrow hits Duvessa.
Duvessa is moderately wounded.
Duvessa hits you but does no damage. Dowan misses you.
Duvessa hits you with a +0 rapier.
You shoot an arrow.
The arrow hits Duvessa but does no damage.
Duvessa is moderately wounded.
Duvessa hits you but does no damage.
Dowan hits you with a +0 dagger of draining.
Duvessa hits you with a +0 rapier.
A goblin comes into view. It is wielding a +0 club.
Dowan closely misses you.
You shoot an arrow. The arrow barely misses Duvessa.
The goblin shouts!
Duvessa hits you with a +0 rapier.
Dowan hits you with a +0 dagger of draining.
Duvessa hits you with a +0 rapier!
You die...

..... . ....
##### ..
...##.... ...
....../
....#.....
.........## .
#......#....
#.e@.....g.
......e........
.....#....#...#
.... #...## ###
.#. ...## #
...## ..# ...


You could see Duvessa (fast), Dowan and a goblin.

Vanquished Creatures
  Grinder (D:3)
  A hound (D:3)
  Terence (D:3)
  3 adders
  A dart slug (D:1)
  8 bats
  8 endoplasms
  2 giant cockroaches (D:2)
  4 goblins
  6 hobgoblins
  4 quokkas
  7 ball pythons
  4 frilled lizards
  5 kobolds
  6 rats
61 creatures vanquished.

Notes
Turn   | Place    | Note
-------+----------+-------------------------------------------
     0 | D:1      | qw the Djinni Hunter began the quest for the Orb.
     0 | D:1      | Reached XP level 1. HP: 18/18 MP: 0/0
     0 | D:1      | 0 ||| qw: Version: 0.3-a-136-gdd3b4e8
     0 | D:1      | 0 ||| qw: Game counter: 1009
     0 | D:1      | 0 ||| qw: Melee chars always use a shield: true
     0 | D:1      | 0 ||| qw: God list: Okawaru
     0 | D:1      | 0 ||| qw: Allow faded altars: false
     0 | D:1      | 0 ||| qw: Do Orc after clearing Dungeon:15 true
     0 | D:1      | 0 ||| qw: Do second Lair branch before Depths: true
     0 | D:1      | 0 ||| qw: Lair rune preference: random
     0 | D:1      | 0 ||| qw: Goals: Normal
     0 | D:1      | 0 ||| PLANNING D:1-11
    93 | D:1      | Reached XP level 2. HP: 23/23 MP: 0/0
   260 | D:1      | Reached XP level 3. HP: 25/28 MP: 0/0
   260 | D:1      | Learned a level 1 spell: Foxfire
   456 | D:1      | Reached skill level 4 in Ranged Weapons
   777 | D:1      | 777 ||| UPGRADING to +0 ring mail.
   787 | D:1      | 787 ||| DROPPING +0 leather armour.
   788 | D:1      | 788 ||| UPGRADING to ring of protection from fire.
   789 | D:1      | 789 ||| UPGRADING to ring of resist corrosion.
   790 | D:1      | 790 ||| READING scroll labelled DIRORIPN DAFOST.
   891 | D:1      | 891 ||| READING scroll labelled ARGHAI RYOPH.
   892 | D:1      | 892 ||| READING scroll labelled ROGRATUHOMP.
   893 | D:1      | 893 ||| READING 2 scrolls labelled VOUTTO FUNT.
   894 | D:1      | 894 ||| DROPPING scroll of butterflies.
   895 | D:1      | 895 ||| DROPPING scroll of poison.
   957 | D:2      | 957 ||| FLEEEEING.
   958 | D:2      | 958 ||| FLEEEEING.
  1039 | D:2      | Reached skill level 1 in Armour
  1201 | D:2      | Reached XP level 4. HP: 28/34 MP: 0/0
  1246 | D:2      | Reached skill level 3 in Fighting
  1593 | D:2      | 1593 ||| UPGRADING to +2 cloak.
  1598 | D:2      | 1598 ||| READING scroll labelled AJEIH WETTYEM.
  1599 | D:2      | 1599 ||| READING scroll labelled DUOTYI SYOLIKHY.
  1599 | D:2      | 1599 ||| IDENTIFYING fuming inky potion
  1600 | D:2      | 1600 ||| DROPPING potion of lignification.
  1798 | D:3      | Noticed Terence
  1809 | D:3      | Killed Terence
  1810 | D:3      | Reached XP level 5. HP: 13/40 MP: 0/0
  1810 | D:3      | Learned a level 2 spell: Ensorcelled Hibernation
  2043 | D:3      | Noticed Grinder
  2044 | D:3      | 2044 ||| ZAPPING wand of iceblast (11) at -5,1 (Grinder;
                  | floor).
  2045 | D:3      | 2045 ||| ZAPPING wand of iceblast (10) at -4,1 (Grinder;
                  | floor).
  2046 | D:3      | 2046 ||| ZAPPING wand of iceblast (9) at -3,1 (Grinder;
                  | floor).
  2047 | D:3      | 2047 ||| ZAPPING wand of iceblast (8) at -2,1 (Grinder;
                  | floor).
  2049 | D:3      | Killed Grinder
  2050 | D:3      | Reached skill level 5 in Ranged Weapons
  2050 | D:3      | Reached XP level 6. HP: 41/46 MP: 0/0
  2340 | D:3      | Found a hide-covered altar of Uskayaw.
  2518 | D:3      | 2518 ||| UPGRADING to +0 helmet.
  2523 | D:3      | 2523 ||| DRINKING 2 cyan potions.
  2568 | D:4      | Noticed Duvessa
  2568 | D:4      | Noticed Dowan
  2570 | D:4      | 2570 ||| STAIRDANCE
  2580 | D:4      | 2580 ||| STAIRDANCE
  2593 | D:4      | 2593 ||| STAIRDANCE
  2644 | D:4      | 2644 ||| STAIRDANCE
  2687 | D:4      | 2687 ||| STAIRDANCE
  2705 | D:4      | HP: 10/46 [Dowan/+0 dagger of draining (3)]
  2706 | D:4      | HP: 1/46 [Dowan/+0 dagger of draining (5)]
  2706 | D:4      | Mangled by Duvessa

Levels and vault maps discovered:
D:1:      psy_arrival_spokes, layout_basic
D:2:      layout_loops_cross, basic_altar
D:3:      layout_basic, mainiacjoe_overflow_24_doors, uniq_grinder, uniq_terence
D:4:      layout_cave_pools, grunt_dithmenos_smoke, makhleb_altar_promises_db,
          nicolae_vehumet_radiance, grunt_ministairs_15, minmay_door_square,
          nicolae_zig_zag_zippers, uniq_duvessa, uniq_eustachio,
          uniq_crazy_yiuf_cottage, uniq_blork_the_orc, uniq_pikel

Skill      XL: |  1  2  3  4  5 |
---------------+----------------+-----
Ranged Weapons | 4 5 |  5.8
Armour         | 1 |  1.0
Fighting       | 3 |  3.0
Dodging        | |  2.8
Stealth        | |  0.7

Action                     |  1- 3 |  4- 6 || total
---------------------------+-------+-------++-------
   Fire: Shortbow          |   103 |    80 ||   183
  Evoke: Wand              |       |     4 ||     4
    Use: Scroll            |     4 |     2 ||     6
         Potion            |       |     1 ||     1
 Armour: Leather armour    |     6 |       ||     6
         Ring mail         |    23 |    83 ||   106
  Dodge: Dodged            |    27 |    33 ||    60

Table legend:
 A = Non-vault XP
 B = Vault XP
 C = Vault XP percentage of total XP
 D = Non-vault monster count
 E = Vault monster count
 F = Vault count percentage of total count
                 A         B        C        D         E       F
            +---------+---------+-------+---------+---------+-------
      Total |     169 |     331 |  66.2 |      59 |       2 |   3.3
            +---------+---------+-------+---------+---------+-------
        D:1 |      41 |       0 |   0.0 |      23 |       0 |   0.0
        D:2 |      62 |       0 |   0.0 |      25 |       0 |   0.0
        D:3 |      66 |     331 |  83.4 |      11 |       2 |  15.4
            +---------+---------+-------+---------+---------+-------
